 Dungeon Crawl Stone Soup version 0.31-a0-1178-gc5c9b8f871 (webtiles) character file.

Game seed: 11927928376255764713

92068 inmateoo the Brawler (level 15, -12/117 HPs)
             Began as a Purple Draconian Fighter on Dec 12, 2023.
             Was the Champion of Hepliaklqana.
             Mangled by a dire elephant (24 damage)
             ... on level 5 of the Lair of Beasts.
             The game lasted 00:21:03 (19922 turns).

inmateoo the Brawler (Purple Draconian Fighter)    Turns: 19922, Time: 00:21:04

Health: -12/117    AC: 13    Str: 22    XL:     15   Next: 56%
Magic:  22/22      EV: 20    Int:  8    God:    Hepliaklqana [******]
Gold:   1435       SH:  5    Dex: 21    Spells: 19/24 levels left

rFire   + .          .
                       - Unarmed
rCold   + . .        q - orb of Aggymoet {light, Str+3 Stlth+}
rNeg    . . .        (body armour unavailable)
rPois   .            k - +2 hat
rElec   .            C - scarf {rC+ rF+}
rCorr   .            j - +0 pair of fencer's gloves {Riposte Dex+3}
SInv    .            m - +0 pair of boots
Will    ++++.        U - amulet of reflection
Stlth   +            w - ring of willpower
HPRegen 0.39/turn    A - ring of willpower
MPRegen 0.18/turn

%: reflection
@: glowing, studying Ice Magic
A: reduced essence, breathe power, AC +9, unfitting armour, cold-blooded
a: Breathe Dispelling Energy, Renounce Religion, Recall Ancestor, Ancestor
Identity, Transference, Idealise


You were on level 5 of the Lair of Beasts.
You worshipped Hepliaklqana.
Hepliaklqana was exalted by your worship.
You visited 3 branches of the dungeon, and saw 21 of its levels.
You also visited: Sewer, Bailey and Ice Cave.

You collected 1727 gold pieces.
You spent 292 gold pieces at shops.

Inventory:

Hand Weapons
 a - the +11 sling of the Penguin {flame, rPois Int+3}
   (You found it on level 4 of the Dungeon)

   Int+3:     It affects your intelligence (+3).
   rPois:     It protects you from poison
Missiles
 l - a throwing net
Armour
 j - the +0 pair of fencer's gloves (worn) {Riposte Dex+3}
   (You found it in a bailey)

   Riposte:   It allows the wearer to riposte with melee weapons, swiftly
   retaliating against missed or blocked melee attacks.
   Dex+3:     It affects your dexterity (+3).
 k - a +2 hat (worn)
 m - a +0 pair of boots (worn)
 q - the orb of Aggymoet (worn) {light, Str+3 Stlth+}
   (You found it on level 3 of the Dungeon)

   Str+3:     It affects your strength (+3).
   Stlth+:    It makes you more stealthy.
 z - a +0 buckler
 C - a scarf of resistance (worn)
Jewellery
 e - an amulet of the acrobat
 w - a ring of willpower (left hand)
 A - a ring of willpower (right hand)
 L - a ring of resist corrosion
 R - a ring of protection from cold
 U - an amulet of reflection (around neck)
Talismans
 E - a serpent talisman
Wands
 p - a wand of mindburst (10)
 r - a wand of paralysis (6)
 B - a wand of polymorph (9)
 N - a wand of roots (10)
Scrolls
 f - 8 scrolls of teleportation
 o - a scroll of summoning
 s - 2 scrolls of blinking
 y - 5 scrolls of amnesia
 F - 3 scrolls of revelation
 I - 6 scrolls of fear
 P - 2 scrolls of enchant armour
 S - 5 scrolls of fog
 V - a scroll of silence
Potions
 b - 3 potions of might
 c - 8 potions of haste
 d - 2 potions of heal wounds
 g - 14 potions of curing
 h - 4 potions of mutation
 i - 3 potions of resistance
 n - 4 potions of attraction {unknown}
 u - a potion of magic {unknown}
 v - 3 potions of lignification {unknown}
 x - 4 potions of degeneration {unknown}
 D - 2 potions of enlightenment {unknown}
 G - 2 potions of brilliance


   Skills:
 + Level 11.3 Fighting
 + Level 15.6 Ranged Weapons
 + Level 11.0 Dodging
 - Level 4.0 Shields
 + Level 15.7 Unarmed Combat
 - Level 5.0 Spellcasting
 + Level 4.2 Shapeshifting


You had 19 spell levels left.
You knew the following spells:

 Your Spells              Type           Power      Damage    Failure   Level
a - Borgnjor's Vile Clut  Necr/Erth      1%         N/A       100%        5

Your spell library contained the following spells:

 Spells                   Type           Power      Damage    Failure   Level
 Apportation              Tloc           4%         N/A       26%         1
 Kiss of Death            Conj/Necr      8%         2d6       26%         1
 Magic Dart               Conj           8%         1d3       26%         1
 Slow                     Hex            8%         N/A       26%         1
 Summon Small Mammal      Summ           8%         N/A       26%         1
 Call Imp                 Summ           4%         N/A       36%         2
 Jinxbite                 Hex            4%         N/A       36%         2
 Scorch                   Fire           4%         2d5       36%         2
 Call Canine Familiar     Summ           2%         N/A       61%         3
 Confusing Touch          Hex            2%         N/A       61%         3
 Dazzling Flash           Conj/Hex       4%         N/A       61%         3
 Inner Flame              Hex/Fire       2%         N/A       61%         3
 Mephitic Cloud           Conj/Pois/Air  2%         N/A       61%         3
 Sigil of Binding         Hex            2%         N/A       61%         3
 Summon Guardian Golem    Hex/Summ       2%         N/A       61%         3
 Vampiric Draining        Necr           2%         2d6       61%         3
 Anguish                  Hex/Necr       1%         N/A       95%         4
 Cause Fear               Hex            1%         N/A       95%         4
 Dispel Undead            Necr           2%         3d7       95%         4
 Flame Wave               Conj/Fire      2%         2d4       95%         4
 Passage of Golubria      Tloc           2%         N/A       95%         4
 Agony                    Necr           2%         N/A       100%        5
 Alistair's Intoxication  Tmut/Pois      1%         N/A       100%        5
 Silence                  Hex/Air        1%         N/A       100%        5
 Yara's Violent Unravell  Hex/Tmut       1%         3d3       100%        5
 Eringya's Noxious Bog    Tmut/Pois      1%         4d6       100%        6
 Summon Cactus Giant      Summ           1%         N/A       100%        6
 Enfeeble                 Hex            1%         N/A       100%        7
 Lehudib's Crystal Spear  Conj/Erth      1%         10d2      100%        8


Dungeon Overview and Level Annotations

Branches:
Dungeon (15/15)            Temple (1/1) D:6            Lair (5/5) D:8
 Shoals (0/4) Lair:3       Spider (0/4) Lair:3        Slime (0/5) Lair:4
    Orc (0/2) D:9          Vaults (0/5) D:13         Depths (0/4) D:15
  Sewer (visited)          Bailey (visited)           IceCv (visited)

Altars:
Ashenzari
Cheibriados
Dithmenos
Elyvilon
Fedhas
Gozag
Hepliaklqana
Kikubaaqudgha
Makhleb
Nemelex Xobeh
Okawaru
Qazlal
Ru
Sif Muna
Trog
Uskayaw
Vehumet
Wu Jian
Xom
Yredelemnul
Zin
The Shining One
Jiyva

Shops:
D:1 :   D:9 [   D:15 ?


Innate Abilities, Weirdness & Mutations

Your life essence is reduced to manifest your ancestor. (-10% HP)
You can breathe bolts of dispelling energy.
Your rich purple scales are hard. (AC +9)
You cannot fit into any form of body armour.
You are cold-blooded and may be slowed by cold attacks.


Message History

The dire elephant tramples you!!
You stumble backwards!
You shoot a sling bullet.
The sling bullet hits the dire elephant but does no damage.
The dire elephant is moderately wounded.
You shoot a sling bullet.
The sling bullet hits the dire elephant.
The sling bullet burns the dire elephant.
The dire elephant is heavily wounded.
The dire elephant tramples you but does no damage.
The dire elephant barely misses you.
You shoot a sling bullet.
The sling bullet hits the dire elephant!
The sling bullet burns the dire elephant.
The dire elephant is heavily wounded.
The dire elephant tramples you!!
You stumble backwards!
The +11 sling of the Penguin {flame, rPois Int+3} stops flaming.
You are now empty-handed.
You pummel the dire elephant!! You tail-slap the dire elephant.
The dire elephant is severely wounded.
The dire elephant tramples you!!
You hold your ground!
The dire elephant trunk-slaps you.
* * * LOW HITPOINT WARNING * * *
Æðelind hits the dire elephant with a +0 broad axe of flaming! Æðelind burns the dire elephant.
You are too injured to fight recklessly!
You are too injured to fight recklessly!
You are too injured to fight recklessly!
You hit the dire elephant but do no damage.
The dire elephant is almost dead.
The dire elephant tramples you!!
* * * LOW HITPOINT WARNING * * *
You stumble backwards!
You punch the dire elephant!
You tail-slap the dire elephant, but do no damage.
The dire elephant is almost dead.
You hit the dire elephant but do no damage.
You tail-slap the dire elephant, but do no damage.
The dire elephant is almost dead.
The dire elephant tramples you!!
You die...

##.....#####....## ##..#.P
##.........#.....# ##...#
##P..#.#...#.....# #...#
####...#....†..###### # #...#
......###)###.......# #.. #..##
..#.#...###...#.#...# ...# #..#.
.........#..........# †...###....
###....####.....#####.....##.....
.†.....# ##....@YR.†...# ##.....
...P..## ##.#P.....P.####......
..##### #####...#####........
##### ### ###### #.........
#..####.## ##..###.........
#......#.# ##.....#........#
##.......## #R#.............#
#.......#.# #####...........#
#...†...### #...........#


You could see the friendly Æðelind the knight and a dire elephant (ally target).

Vanquished Creatures
  Gastronok (Lair:3)
  Kirke (Lair:3)
  A frost giant (IceCv)
  A dire elephant (Lair:5)
  A fire dragon (D:14)
  A vault guard (D:13)
  4 hydras
  A catoblepas (Lair:4)
  4 centaur warriors
  7 two-headed ogres
  5 tengu warriors
  5 death yaks (IceCv)
  An occultist (D:15)
  2 skeletal warriors (D:12)
  An orc knight (Bailey)
  A deep elf zephyrmancer (D:15)
  2 deep elf pyromancers
  An orc sorcerer (D:15)
  A lindwurm (Lair:5)
  2 ugly things
  2 cyclopes
  4 manticores
  An oklob plant (Lair:2)
  14 elephants
  6 black mambas
  A merfolk siren (Lair:3)
  10 cane toads
  15 rime drakes
  An unseen horror (D:12)
  3 kobold demonologists
  2 gargoyles (D:13)
  A freezing wraith (D:13)
  3 tengu conjurers
  9 komodo dragons
  2 efreet
  Psyche (D:11)
  5 trolls
  2 merfolk (Lair:3)
  4 polar bears
  2 meliai (D:14)
  Grinder (D:6)
  2 dream sheep (Lair:5)
  13 blink frogs
  A centaur simulacrum (D:14)
  7 slime creatures
  A culicivora (Lair:3)
  3 vampires
  3 wyverns
  62 yaks
  4 hogs (Lair:3)
  3 wraiths
  4 basilisks
  A redback simulacrum (D:15)
  Grum (D:11)
  A redback (Lair:3)
  3 steam dragons
  3 vampire mosquitoes (D:11)
  2 acid dragons (D:9)
  Duvessa (D:4)
  18 water moccasins
  An ice beast (D:7)
  8 orc warriors
  A hornet zombie (D:7)
  5 black bears
  33 wolves
  3 centaurs
  2 ogres
  7 kobold brigands
  14 bullfrogs
  6 scorpions
  6 wights (D:7)
  Dowan (D:4)
  A hornet simulacrum (D:15)
  5 killer bees (D:9)
  7 howler monkeys
  3 electric eels
  2 bullfrog zombies (D:7)
  4 hounds
  A centaur zombie (D:7)
  A gnoll bouda (D:8)
  4 orc priests
  A boggart zombie (D:15)
  2 iguanas
  3 sleepcaps
  8 orc wizards
  2 killer bee zombies (D:7)
  9 gnolls
  13 adders
  4 shadow imps
  2 dart slugs
  36 orcs
  5 bats
  10 endoplasms
  11 giant cockroaches
  3 goblins
  8 hobgoblins
  8 jackals (D:4)
  27 kobolds
  10 quokkas
  12 ball pythons
  8 frilled lizards
  8 rats
570 creatures vanquished.

Vanquished Creatures (collateral kills)
  A hydra (Lair:5)
  A rakshasa (D:15)
  A catoblepas (Lair:5)
  A death yak (IceCv)
  A tengu warrior (D:14)
  Urug (Lair:1)
  A skeletal warrior (D:12)
  A skyshark (Lair:5)
  A lindwurm (Lair:4)
  A necromancer (D:15)
  An orc sorcerer (D:15)
  An ugly thing (D:15)
  6 elephants
  A merfolk siren (Lair:3)
  3 black mambas
  A cane toad (Lair:5)
  An ice statue (IceCv)
  2 rime drakes
  A komodo dragon (Lair:5)
  A meliai (D:14)
  2 polar bears (IceCv)
  A hornet (D:11)
  A slime creature (D:12)
  13 yaks
  A hog (Lair:3)
  3 water moccasins
  2 orc warriors
  A black bear (D:8)
  3 wolves
  3 bullfrogs
  2 howler monkeys (D:11)
  An orc (Bailey)
  2 goblins (D:8)
  5 kobolds
68 creatures vanquished.

Vanquished Creatures (others)
  2 ancestors
  11 knights
13 creatures vanquished.

Grand Total: 651 creatures vanquished

Notes
Turn   | Place    | Note
-------+----------+-------------------------------------------
     0 | D:1      | inmateoo the Draconian Fighter began the quest for the Orb.
     0 | D:1      | Reached XP level 1. HP: 19/19 MP: 1/1
   168 | D:1      | Reached XP level 2. HP: 26/26 MP: 2/2
   259 | D:1      | Found Hethrercha's Book Shoppe.
   692 | D:2      | Reached XP level 3. HP: 27/31 MP: 3/3
   906 | D:3      | Reached XP level 4. HP: 38/40 MP: 4/4
  1108 | D:3      | Reached XP level 5. HP: 13/46 MP: 5/5
  1192 | D:3      | Found a glowing drain.
  1211 | D:3      | Identified the orb of Aggymoet {light, Str+3 Stlth+}
  1242 | Sewer    | Entered a sewer
  1603 | Sewer    | Reached XP level 6. HP: 48/53 MP: 6/6
  2070 | D:4      | Identified the +11 sling of the Penguin {flame, rPois
                  | Int+3}
  2082 | D:4      | Noticed Dowan
  2254 | D:4      | Noticed Duvessa
  2257 | D:4      | Killed Dowan
  2262 | D:4      | Killed Duvessa
  2263 | D:4      | Reached skill level 1 in Ranged Weapons
  2538 | D:5      | Entered Level 5 of the Dungeon
  2539 | D:5      | Noticed a water moccasin
  2541 | D:5      | Killed a water moccasin
  2542 | D:5      | Reached skill level 5 in Fighting
  2542 | D:5      | Reached skill level 5 in Unarmed Combat
  2542 | D:5      | Your scales start taking on a rich purple colour.
  2542 | D:5      | Reached XP level 7. HP: 61/61 MP: 7/7
  3040 | D:6      | Reached XP level 8. HP: 69/69 MP: 8/8
  3053 | D:6      | Found a staircase to the Ecumenical Temple.
  3323 | D:6      | Reached skill level 5 in Dodging
  3604 | D:6      | Noticed Grinder
  3610 | D:6      | Killed Grinder
  3611 | D:6      | Reached skill level 5 in Ranged Weapons
  3862 | Temple   | Entered the Ecumenical Temple
  3885 | Temple   | Became a worshipper of Hepliaklqana the Forgotten
  3932 | D:7      | Reached XP level 9. HP: 78/78 MP: 9/9
  4016 | D:7      | Identified the +0 cloak "Tutuf" {-Tele rN+ Dex+2 Stlth+}
  4128 | D:7      | Found a shadowy altar of Dithmenos.
  4132 | D:7      | Noticed a troll
  4142 | D:7      | Killed a troll
  4489 | D:8      | Reached * piety under Hepliaklqana
  4714 | D:8      | Noticed a two-headed ogre
  4721 | D:8      | Killed a two-headed ogre
  4722 | D:8      | Reached XP level 10. HP: 77/79 MP: 10/10
  4911 | D:8      | Found a staircase to the Lair.
  5014 | D:8      | Found a flagged portal.
  5024 | Bailey   | Entered a bailey
  5094 | Bailey   | Reached skill level 10 in Unarmed Combat
  5112 | Bailey   | Noticed an orc knight
  5223 | Bailey   | Killed an orc knight
  5346 | Bailey   | Found the +0 pair of fencer's gloves {Riposte Dex+3}
  5350 | Bailey   | Identified the +5 scale mail of Sif Muna's Wrath {Slay+2}
  5631 | D:9      | Reached ** piety under Hepliaklqana
  5632 | D:9      | Remembered your ancestor Æðelind as a knight
  5778 | D:9      | Noticed a two-headed ogre
  5786 | D:9      | Killed a two-headed ogre
  5787 | D:9      | Reached skill level 10 in Ranged Weapons
  5812 | D:9      | Reached XP level 11. HP: 83/84 MP: 11/11
  5839 | D:9      | Found Hoajiem's Armour Emporium.
  5841 | D:9      | Found a staircase to the Orcish Mines.
  6202 | D:10     | Entered Level 10 of the Dungeon
  6257 | D:10     | Noticed a two-headed ogre
  6268 | D:10     | Killed a two-headed ogre
  6522 | D:10     | Found a white marble altar of Elyvilon.
  6522 | D:10     | Reached *** piety under Hepliaklqana
  6951 | D:11     | Noticed a deep elf pyromancer
  6955 | D:11     | Noticed Psyche
  6962 | D:11     | Killed a deep elf pyromancer
  6964 | D:11     | Killed Psyche
  7058 | D:11     | Noticed Grum
  7062 | D:11     | Killed Grum
  7672 | D:12     | Reached **** piety under Hepliaklqana
  7754 | D:12     | Noticed a two-headed ogre
  7760 | D:12     | Killed a two-headed ogre
  7761 | D:12     | Reached XP level 12. HP: 93/93 MP: 12/12
  8093 | D:12     | Found a frozen archway.
  8109 | IceCv    | Entered an ice cave
  8213 | IceCv    | Noticed a death yak
  8235 | IceCv    | Killed a death yak
  8515 | IceCv    | Noticed a death yak
  8524 | IceCv    | Killed a death yak
  8712 | IceCv    | Noticed a death yak
  8728 | IceCv    | Killed a death yak
  8729 | IceCv    | Reached skill level 10 in Fighting
  8932 | IceCv    | Noticed a death yak
  8932 | IceCv    | Noticed a death yak
  8946 | IceCv    | Killed a death yak
  8957 | IceCv    | Killed a death yak
  9016 | IceCv    | Noticed a death yak
  9016 | IceCv    | Noticed a frost giant
  9038 | IceCv    | Killed a death yak
  9057 | IceCv    | Killed a frost giant
  9670 | D:12     | Reached XP level 13. HP: 60/101 MP: 13/13
 10112 | D:13     | Found a gate to the Vaults.
 10300 | D:13     | Reached ***** piety under Hepliaklqana
 11075 | D:14     | Noticed a fire dragon
 11304 | D:14     | Killed a fire dragon
 12184 | D:14     | Found an opulent altar of Gozag.
 12473 | D:14     | Learned a level 5 spell: Borgnjor's Vile Clutch
 12480 | D:15     | Entered Level 15 of the Dungeon
 13622 | D:15     | Reached XP level 14. HP: 108/108 MP: 14/14
 13626 | D:15     | Found a snail-covered altar of Cheibriados.
 13659 | D:15     | Reached skill level 10 in Dodging
 13936 | D:15     | Found a staircase to the Depths.
 14012 | D:15     | Found Anosient's Magic Scroll Shop.
 14023 | D:15     | Bought a scroll of identify for 30 gold pieces
 14023 | D:15     | Bought a scroll of identify for 30 gold pieces
 14023 | D:15     | Bought a scroll of fear for 60 gold pieces
 14023 | D:15     | Bought a scroll of vulnerability for 60 gold pieces
 14023 | D:15     | Bought a scroll of revelation for 112 gold pieces
 14306 | Lair:1   | Entered Level 1 of the Lair of Beasts
 14311 | Lair:1   | You fall into a shaft and drop 1 floor!
 14683 | Lair:2   | Reached skill level 15 in Ranged Weapons
 15221 | Lair:1   | Noticed Urug
 15230 | Lair:1   | Killed Urug
 15740 | Lair:1   | Reached skill level 15 in Unarmed Combat
 15961 | Lair:1   | Reached ****** piety under Hepliaklqana
 16648 | Lair:3   | Reached skill level 1 in Spellcasting
 16677 | Lair:3   | Reached skill level 1 in Shapeshifting
 17388 | Lair:3   | Noticed Gastronok
 17415 | Lair:3   | Killed Gastronok
 17509 | Lair:3   | Noticed Kirke
 17522 | Lair:3   | Killed Kirke
 17546 | Lair:3   | Found a staircase to the Shoals.
 17747 | Lair:3   | Found a hole to the Spider Nest.
 17921 | Lair:4   | Found a staircase to the Slime Pits.
 17933 | Lair:4   | Reached XP level 15. HP: 115/115 MP: 19/19
 18015 | Lair:4   | Found a viscous altar of Jiyva.
 18947 | Lair:5   | Entered Level 5 of the Lair of Beasts
 19740 | Lair:5   | Reached skill level 5 in Spellcasting
 19817 | Lair:5   | Found the +9 sword of Zonguldrok {reap}
 19922 | Lair:5   | Mangled by a dire elephant

Illustrated notes

Levels and vault maps discovered:
D:1:      lightli_arrival_quake, layout_rooms, serial_shops,
          nicolae_shop_statue_plus
D:2:      layout_basic
D:3:      layout_basic, cheibrodos_sewer_entry_drain
D:4:      layout_loops_ring, uniq_duvessa
D:5:      layout_cave_pools
D:6:      layout_basic, minmay_temple_entry_statues, uniq_grinder
D:7:      layout_rooms, nicolae_dithmenos_through_a_glass_darkly, serial_undead,
          serial_undead_c, serial_undead_a, serial_undead_f, serial_undead_c
D:8:      layout_loops_corners, due_lair_maze_entry_diamond, enter_bailey_3
D:9:      layout_cave_pools, orc_david_3, nicolae_figureground_sparkle
D:10:     layout_gridville, mainiacjoe_overflow_cross_hatched
D:11:     layout_irregular_city, uniq_psyche, uniq_grum
D:12:     layout_gridville, portal_ice_cave_rime
D:13:     layout_loops_ring, david_vaults_5
D:14:     layout_basic, nicolae_gozag_seed_capital
D:15:     grunt_enter_depths_magical_seal, layout_gridville,
          cheibriados_altar_1, serial_shops, shop
Temple:   nicolae_temple_slightly_damp_pantheon
Lair:1:   layout_small_grid, grunt_megastairs_1, infiniplex_staircase_pool,
          uniq_urug
Lair:2:   layout_gridlike
Lair:3:   layout_long_grid, elwin_shoals_entry_stream,
          spider_nest_entry_funnel_web, st_stairs_5, lemuel_old_faithful,
          grunt_megastairs_2, serial_bayou_shore_b, uniq_gastronok, uniq_kirke
Lair:4:   layout_cave_pods, slime_entry_1, serial_bayou_shore_a,
          grunt_megastairs_5
Lair:5:   hangedman_lair_in_review, layout_hall_layers

Skill      XL: |  1  2  3  4  5  6  7  8  9 10 11 12 13 14 15 |
---------------+----------------------------------------------+-----
Dodging        | 3 4 5 6 8 9 10 11 | 11.0
Unarmed Combat | 3 4 5 7 9 10 11 13 15 | 15.7
Fighting       | 4 5 6 7 8 9 10 11 | 11.3
Shields        | 4 |  4.0
Ranged Weapons | 2 3 5 7 10 12 13 14 15 | 15.6
Spellcasting   | 3 5 |  5.0
Shapeshifting  | 2 4 |  4.2

Action                     |  1- 3 |  4- 6 |  7- 9 | 10-12 | 13-15 || total
---------------------------+-------+-------+-------+-------+-------++-------
  Melee: Unarmed           |    15 |       |       |       |    25 ||    40
         Hand axe          |    79 |   157 |       |       |       ||   236
         Tailslap          |     8 |    22 |       |       |    12 ||    42
   Fire: Sling             |       |    25 |   211 |   614 |  1212 ||  2062
  Throw: Dart              |       |     4 |       |       |       ||     4
 Invoke: Recall Ancestor   |       |       |       |     2 |     4 ||     6
         Ancestor Life: Kn |       |       |       |     1 |       ||     1
    Use: Scroll            |       |       |       |    12 |    10 ||    22
 Armour: Skin              |    51 |   100 |    47 |   100 |   244 ||   542
  Dodge: Dodged            |    58 |   160 |    54 |    91 |   270 ||   633
  Block: Buckler           |    25 |    12 |       |       |       ||    37
Riposte: Unarmed           |       |       |       |       |     3 ||     3

Table legend: (Time is in decaauts)
 A = Elapsed time spent in this place.
 B = Non-inter-level travel time spent in this place.
 C = Inter-level travel time spent in this place.
 D = Time resting spent in this place.
 E = Time spent auto-exploring this place.
 F = Levels seen in this place.
 G = Mean time per level.
                   A        B        C        D        E       F      G
               +--------+--------+--------+--------+--------+-----+--------+
         Total |  19673 |  18987 |    686 |   4119 |  10995 |  24 |  819.7 |
       Dungeon |  11944 |  11333 |    611 |   1792 |   7468 |  15 |  796.3 |
        Temple |     42 |     23 |     19 |      0 |      0 |   1 |   42.0 |
          Lair |   5371 |   5317 |     54 |   1220 |   3202 |   5 | 1074.2 |
         Sewer |    482 |    482 |      0 |    125 |      7 |   1 |  482.0 |
        Bailey |    411 |    411 |      0 |    101 |    128 |   1 |  411.0 |
      Ice Cave |   1420 |   1420 |      0 |    881 |    188 |   1 | 1420.0 |
               +--------+--------+--------+--------+--------+-----+--------+

Top non-repeatable levels by time:
    D:15: 1485 daAuts
   IceCv: 1420 daAuts
    D:14: 1395 daAuts
  Lair:1: 1235 daAuts
  Lair:3: 1224 daAuts
    D:13: 1175 daAuts
  Lair:2: 1007 daAuts
  Lair:4: 996 daAuts
  Lair:5: 906 daAuts
    D:11: 891 daAuts
     D:6: 872 daAuts
     D:8: 869 daAuts
    D:12: 796 daAuts
     D:4: 742 daAuts
    D:10: 703 daAuts
